Unix NetHack Version 5.0.0-0 post-release - last build May 10 2026 23:12:36 (d1fa5d53e341ca933230fdaa984d921c805b60aa,branch:main).

Game began 2026-05-14 12:22:11, ended 2026-05-14 13:47:01.

Drastanta, lawful female human Samurai

                                                             ---------------
                                                             .`.......(....|
                                 --------------              |.............|
                                 |............|              |............(|
                                 |............|              |....[......>)|
                                 |............|              ----%---.------
                                 |......<......#               ###
                                 ----|---------#             ###
                                 #0  f         #  ##   ####[##
                                # ###@)#####0######     #    #
                                ###)#@          #### %###
                      --------------.-           # #-%--------+-
                      |...............             #%%.........|
                      |........\.....|            ##|..........|
                      |.......(......               ...........|
                      ----------------              |..........|
                                                    ------------

Drastanta the Kunoichi  St:14 Dx:17 Co:18 In:9 Wi:9 Ch:9  Lawful
Dlvl:7  $:528 HP:0(77) Pw:30(30) AC:2  Xp:8 T:4815 

Latest messages:
 You kill the gnomish wizard!
 You kill the grid bug!
 There is a doorway here.
 There are several objects here.
 j - a wand of create monster.
 There is a doorway here.
 There are several objects here.
 You attack thin air.
 With great effort you move the boulder.
 You hear a monster behind the boulder.
 Perhaps that's why you cannot move it.
 c - a +0 yumi (weapon in right hand).
 H - a blessed katana named Snickersnee (alternate weapon; not wielded).
 In what direction? 4
 You shoot 2 ya.
 The 1st ya hits the floating eye!
 You kill the floating eye!
 H - a blessed katana named Snickersnee (weapon in right hand).
 c - a +0 yumi (alternate weapon; not wielded).
 You see here an osaku.
 You see here a +0 ya.
 d - a +0 ya (in quiver) (13 in total).
 You see here an osaku.
 m - an osaku.
 The gnome wakes up!
 The Elvenking wakes up!
 The Elvenking throws an elven spear!
 You are hit by an elven spear.
 The Elvenking throws an elven dagger!
 You are hit by an elven dagger.
 The housecat doesn't seem to move!
 The Elvenking wields a mace!
 You hit the Elvenking!
 The Elvenking swings his mace.
 The Elvenking hits!
 The Elvenking swings his mace.
 The Elvenking hits again!
 What do you want to write with? [- acdgjvHV or ?*] ?
 You write in the dust with an uncursed marble wand.
 What do you want to write in the dust here? Elbereth
 The bugs on the ground stop moving!
 The housecat picks up an elven dagger.
 The Elvenking swings his mace.
 The Elvenking hits!
 You die...
 Do you want your possessions identified? [ynq] (y) y
 Do you want to see your attributes? [ynq] (y) y
 Do you want an account of creatures vanquished? [ynaq] (y) y
 Do you want to see your conduct and achievements? [ynq] (y) y
 Do you want to see the dungeon overview? [ynq] (y) y

Inventory:
 Coins    ('$')
  $ - 528 gold pieces
 Weapons  (')')
  d - 13 +0 ya (in quiver)
  c - a +0 yumi (alternate weapon; not wielded)
  a - a +0 katana
  H - the blessed rustproof +0 Snickersnee (weapon in right hand)
 Armor    ('[')
  k - an uncursed +0 pair of high boots (being worn)
  p - an uncursed +0 dwarvish cloak (being worn)
  e - an uncursed rustproof +0 splint mail (being worn)
 Comestibles  ('%')
  i - 2 uncursed eucalyptus leaves
  l - 2 uncursed gunyoki
  w - an uncursed sprig of wolfsbane
  N - 2 uncursed tripe rations
 Scrolls  ('?')
  b - a cursed scroll of enchant armor
  h - a blessed scroll of identify
  B - an uncursed scroll of identify
  n - an uncursed scroll of magic mapping
  K - 2 uncursed scrolls of scare monster
  O - an uncursed scroll of taming
 Wands    ('/')
  V - a wand of create monster (0:11)
  j - a wand of create monster (0:0)
  v - a wand of sleep (0:3)
  g - a wand of speed monster (0:2)
 Tools    ('(')
  m - an uncursed osaku
  M - an uncursed tin whistle

Drastanta the Samurai's attributes:

Background:
 You were a Kunoichi, a level 8 female human Samurai.
 You were lawful, on a mission for Amaterasu Omikami
 who was opposed by Raijin (neutral) and Susanowo (chaotic).
 You were right-handed.
 You were in the Dungeons of Doom, on level 7.
 You entered the dungeon 4815 turns ago.
 You had 1929 experience points, 631 more were needed to attain level 9.

Basics:
 You had 0 out of 77 hit points.
 You had all 30 energy points (spell power).
 Your armor class was 2.
 Your wallet contained 528 zorkmids.
 Autopickup was off.

Final Characteristics:
 Your strength was 14 (limit:18/100).
 Your dexterity was 17 (limit:18).
 Your constitution was 18 (limit:18).
 Your intelligence was 9 (limit:18).
 Your wisdom was 9 (limit:18).
 Your charisma was 9 (limit:18).

Final Status:
 You weren't hungry.
 You were unencumbered.
 You were wielding a long sword.
 You were skilled in long sword and could have enhanced that.

Final Attributes:
 You were piously aligned.
 Your items were somewhat protected from fire.
 Your items were somewhat protected from cold.
 You were telepathic.
 You were warded.
 You were fast.
 You are dead.

Miscellaneous:
 You didn't encounter any bones levels.
 Total elapsed playing time was 1 hour, 24 minutes and 50 seconds.

Major events:
 Turn
    1: Drastanta the lawful female human Samurai entered the dungeon
  586: entered the Gnomish Mines
  599: attained the rank of Ronin (level 3)
 1439: attained the rank of Kunoichi (level 6)
 1874: reached Mine Town
 2229: was bestowed with Snickersnee by Amaterasu Omikami
 4815: killed by an Elvenking

You didn't know any spells.

Skills:
 Fighting Skills
   martial arts      [Basic]
   two weapon combat [Unskilled]
   riding            [Unskilled]
 Weapon Skills
   dagger            [Unskilled]
   knife             [Unskilled]
   short sword       [Basic]
   broadsword        [Unskilled]
   long sword        [Skilled]
   two-handed sword  [Unskilled]
   saber             [Unskilled]
   flail             [Unskilled]
   quarterstaff      [Unskilled]
   polearms          [Unskilled]
   spear             [Unskilled]
   lance             [Unskilled]
   bow               [Basic]
   shuriken          [Unskilled]
 Spellcasting Skills
   attack spells     [Unskilled]
   divination spells [Unskilled]
   clerical spells   [Unskilled]

Voluntary challenges:
 Character rerolling was not enabled.
 You never genocided any monsters.
 You never polymorphed an object.
 You never changed form.
 You used no wishes.
Achievements:
 You entered a shop.
 You entered the Gnomish Mines.
 You attained the rank of Ronin.
 You attained the rank of Kunoichi.
 You entered Minetown.
 You entered a temple.

 The Dungeons of Doom: levels 1 to 7
    Level 1:
    Level 2:
       A general store.
       Stairs down to The Gnomish Mines.
    Level 3:
       A grave.
    Level 4:
       A fountain, a grave.
    Level 5:
       Some fountains.
    Level 6:
    Level 7: <- You were here.
       A throne.
       Final resting place for
          you, killed by an Elvenking.
 The Gnomish Mines: levels 3 to 6
    Level 3:
    Level 4:
    Level 5:
    Level 6:
       Many shops, a temple and an altar to Amaterasu Omikami, some fountains, a sink.


Vanquished creatures:
  a large mimic
  a giant beetle
  a leprechaun
 an iron piercer
  a black light
  2 gnome rulers
  a werewolf
  a lizard
  a dog
  a dust vortex
 an ape
  a fire ant
 10 bugbears
 an imp
  a water nymph
  a mountain nymph
 10 Mordor orcs
  3 Uruk-hai
  2 rock piercers
  a rock mole
  a pony
  2 yellow lights
  a shrieker
  6 gnome leaders
  4 gnomish wizards
  a kobold mummy
  a gray ooze
  a ghoul
  a paper golem
  4 giant ants
  a little dog
  3 floating eyes
  2 dwarves
  a homunculus
  3 hill orcs
  4 rothes
  a rabid rat
  2 centipedes
  6 monkeys
  a dwarf zombie
  2 iguanas
 an acid blob
  a hobbit
  2 large kobolds
  5 hobgoblins
  4 giant rats
  3 cave spiders
  a yellow mold
  2 red molds
 35 gnomes
  4 garter snakes
  2 geckos
 12 jackals
  a fox
  2 kobolds
  4 goblins
  2 sewer rats
  6 grid bugs
  5 lichens
  a kobold zombie
  7 newts
190 creatures vanquished.

No species were genocided or became extinct.

Game over:
                       ----------
                      /          \
                     /    REST    \
                    /      IN      \
                   /     PEACE      \
                  /                  \
                  |    Drastanta     |
                  |      528 Au      |
                  |   killed by an   |
                  |    Elvenking     |
                  |                  |
                  |                  |
                  |       2026       |
                 *|     *  *  *      | *
        _________)/\\_//(\/(/\)/\//\/|_)_______

Sayonara Drastanta the Samurai...

You died in The Dungeons of Doom on dungeon level 7 with 8502 points,
and 528 pieces of gold, after 4815 moves.
You were level 8 with a maximum of 77 hit points when you died.

